 Dungeon Crawl Stone Soup version 0.29-a0-732-g3d7fbe0af2 (webtiles) character file.

Game seed: 14435637877710700283

4881 lampshaded the Skirmisher (level 10, -15/46 HPs)
             Began as a Spriggan Hunter on June 30, 2022.
             Was an Elder of Okawaru.
             Killed from afar by a steam dragon (22 damage)
             ... with a ball of steam
             ... on level 8 of the Dungeon.
             The game lasted 00:21:10 (10253 turns).

lampshaded the Skirmisher (Spriggan Hunter)        Turns: 10253, Time: 00:21:10

Health: -15/46     AC:  3    Str:  7    XL:     10   Next: 26%
Magic:  14/14      EV: 25    Int: 11    God:    Okawaru [****..]
Gold:   309        SH:  0    Dex: 23    Spells: 9/9 levels left

rFire   . . .      SeeInvis +   a - +0 shortbow
rCold   . . .      Faith    .   (shield currently unavailable)
rNeg    . . .      Spirit   .   G - +1 robe {Will+}
rPois   .          Reflect  .   (helmet restricted)
rElec   .          Harm     +   D - scarf {harm}
rCorr   .          Rampage  .   (gloves unavailable)
Will    ++...                   (boots unavailable)
Stlth   +++++.....              (no amulet)
HPRegen 0.15/turn               (no ring)
MPRegen 0.14/turn               (no ring)

@: very quick
A: very small, no large weapons, unfitting armour, see invisible, speed 3
a: Renounce Religion, Heroism, Finesse


You were on level 8 of the Dungeon.
You worshipped Okawaru.
Okawaru was greatly pleased with you.
You visited 1 branch of the dungeon, and saw 8 of its levels.
You also visited: Bailey.

You collected 489 gold pieces.
You spent 180 gold pieces at shops.

Inventory:

Hand Weapons
 a - a +0 shortbow (weapon)
 u - the +4 dagger "Morg" {pain, Will+ Int+5}
   (You found it on level 4 of the Dungeon)

   In the hands of one skilled in necromantic magic, it inflicts extra damage on
   living creatures.
   Int:       It affects your intelligence (+5).
   Will:      It increases your willpower.
Armour
 D - a scarf of harm (worn)
 G - a +1 robe of willpower (worn)
Magical Staves
 i - a staff of death
Jewellery
 s - a ring of fire
Wands
 v - a wand of flame (76)
 y - a wand of charming (7)
 E - a wand of acid (14)
Scrolls
 d - 3 scrolls of amnesia
 g - 3 scrolls of teleportation {unknown}
 h - a scroll of immolation
 j - 3 scrolls of fog {unknown}
 l - 2 scrolls of noise {unknown}
 m - 4 scrolls of poison
 o - a scroll of torment
 q - 2 scrolls of enchant armour {unknown}
 w - a scroll of summoning
 x - 2 scrolls of fear {unknown}
 B - a scroll of vulnerability {unknown}
 C - a scroll of blinking
 F - a scroll of enchant weapon
Potions
 b - 4 potions of invisibility
 c - a potion of magic {unknown}
 e - a potion of might
 f - 9 potions of curing
 k - 4 potions of haste {unknown}
 n - 3 potions of lignification {unknown}
 p - 2 potions of ambrosia {unknown}
 r - 3 potions of brilliance {unknown}
 t - 3 potions of resistance
 z - 5 potions of mutation {unknown}
 A - 4 potions of heal wounds
 H - a potion of degeneration


   Skills:
 - Level 1.5 Fighting
 * Level 12.7 Ranged Weapons
 + Level 8.8 Dodging
 + Level 10.0 Stealth
 + Level 4.7 Invocations
 + Level 6.3 Evocations


You had 9 spell levels left.
You didn't know any spells.
Your spell library contained the following spells:

 Spells                   Type           Power      Damage    Failure   Level
 Beastly Appendage        Tmut           0%         N/A       34%         1
 Necrotize                Necr           0%         1d4       34%         1
 Shock                    Conj/Air       0%         1d3       34%         1
 Wereblood                Tmut           0%         N/A       47%         2
 Spider Form              Tmut/Pois      0%         N/A       71%         3
 Swiftness                Air            0%         N/A       71%         3
 Vampiric Draining        Necr           0%         2d6       71%         3
 Airstrike                Air            0%         N/A       98%         4
 Agony                    Necr           0%         N/A       100%        5
 Summon Forest            Summ/Tloc      Unusable   N/A       N/A         5
 Summon Mana Viper        Hex/Summ       Unusable   N/A       N/A         5
 Summon Cactus Giant      Summ           Unusable   N/A       N/A         6

Dungeon Overview and Level Annotations

Branches:
Dungeon (8/15)             Temple (0/1) D:6          Bailey (visited)
   Lair: D:8-11

Altars:
Ashenzari
Kikubaaqudgha
Nemelex Xobeh
Okawaru
Xom

Shops:
D:3 =   D:5 *   D:6 !

Annotations:
D:4 Natasha
D:5 2 runed translucent doors, zhov's ghost, novice SpHu
D:7 2 transporters, crusatyr's ghost, novice HOBe


Innate Abilities, Weirdness & Mutations

You are very small and have problems with some larger weapons.
You are too small for most types of armour.
You have supernaturally acute eyesight. (SInv)
You cover ground extremely quickly. (Speed+++)


Message History

You shoot an arrow.
The arrow closely misses the steam dragon.
You shoot an arrow.
The arrow hits the steam dragon but does no damage.
You shoot an arrow. The arrow hits the steam dragon.
The steam dragon is lightly wounded.
You shoot an arrow. The arrow hits the steam dragon.
The steam dragon is moderately wounded.
You shoot an arrow. The arrow hits the steam dragon!
The steam dragon is almost dead.
The steam dragon breathes steam at you. The ball of steam hits you!
No target in view!
You shoot an arrow.
The arrow hits the steam dragon but does no damage.
The steam dragon is almost dead.
You shoot an arrow.
The arrow hits the steam dragon but does no damage.
The steam dragon is almost dead.
You shoot an arrow.
The arrow hits the steam dragon but does no damage.
The steam dragon is almost dead.
The steam dragon breathes steam at you. The ball of steam hits you!
You are engulfed in a cloud of scalding steam.
You are too injured to fight recklessly!
You are engulfed in a cloud of scalding steam.
You are too injured to fight recklessly!
You are engulfed in a cloud of scalding steam.
* * * LOW HITPOINT WARNING * * *
You are too injured to fight recklessly!
You are too injured to fight recklessly!
Fire: a) +0 shortbow
Press: ? - help, Q - select action, (/) - cycle Shift-Dir - straight line, f/p - steam dragon
Aim: a steam dragon (almost dead)
You shoot an arrow. The arrow hits the steam dragon.
The steam dragon is almost dead.
The steam dragon breathes steam at you. The ball of steam hits you!!
You die...

.............P....#
)............P...P#
D............P....#
##......####....PP#
#......# #...####
#......# ##### #......#
#......#################
######....§..§§@§......#
#....§D.§§........#
#.....§.§.§.......#
#.................#
#.................#
###################


There were no monsters in sight!

Vanquished Creatures
  An orc knight (Bailey)
  Psyche (D:8)
  Grinder (D:6)
  2 wyverns
  4 yaks (D:5)
  A water moccasin (D:5)
  Duvessa (D:7)
  2 black bears
  An orc warrior (D:7)
  2 ice beasts
  3 ogres
  A centaur (D:8)
  A kobold brigand (D:6)
  5 bullfrogs
  A necrophage (D:5)
  4 scorpions
  4 wights (D:7)
  Dowan (D:7)
  3 vampire bats (D:6)
  A howler monkey (D:8)
  4 jellies
  A bullfrog zombie (D:4)
  2 hounds
  2 gnoll shamans
  An orc priest (D:7)
  4 iguanas
  5 orc wizards
  A spectral hound (D:4)
  A hound zombie (D:4)
  A hound skeleton (D:4)
  Robin (D:3)
  17 gnolls
  7 adders
  A hound simulacrum (D:4)
  3 white imps
  2 ufetubi (D:4)
  An adder zombie (D:4)
  3 dart slugs
  26 orcs
  3 bat skeletons (D:6)
  4 bat zombies (D:6)
  12 endoplasms
  6 giant cockroaches
  7 goblins
  13 hobgoblins
  4 jackals (D:4)
  11 quokkas
  12 ball pythons
  A bat (D:2)
  2 frilled lizards
  11 kobolds
  6 rats
215 creatures vanquished.

Vanquished Creatures (others)
  8 plants
  6 toadstools (D:8)
  21 withered plants (D:4)
35 creatures vanquished.

Grand Total: 250 creatures vanquished

Notes
Turn   | Place    | Note
-------+----------+-------------------------------------------
     0 | D:1      | lampshaded the Spriggan Hunter began the quest for the Orb.
     0 | D:1      | Reached XP level 1. HP: 10/10 MP: 2/2
    20 | D:1      | Reached skill level 5 in Ranged Weapons
   144 | D:1      | Reached XP level 2. HP: 14/14 MP: 3/3
   495 | D:1      | Found a faded altar of an unknown god.
   980 | D:2      | Reached skill level 6 in Ranged Weapons
  1014 | D:2      | Reached XP level 3. HP: 18/18 MP: 4/4
  1680 | D:3      | Found Idoistra's Jewellery Boutique.
  1764 | D:3      | Reached XP level 4. HP: 22/22 MP: 5/5
  2096 | D:3      | Reached skill level 7 in Ranged Weapons
  2251 | D:3      | Noticed Robin
  2280 | D:3      | Killed Robin
  2491 | D:3      | Found a shimmering altar of Xom.
  2761 | D:4      | Reached XP level 5. HP: 25/25 MP: 6/6
  2881 | D:4      | Noticed an ogre
  2933 | D:4      | Killed an ogre
  2962 | D:4      | Reached XP level 6. HP: 22/30 MP: 7/7
  2976 | D:4      | Reached skill level 8 in Ranged Weapons
  3571 | D:4      | Noticed Natasha
  3572 | D:4      | Found the +4 dagger "Morg" {pain, Will+ Int+5}
  3935 | D:5      | Entered Level 5 of the Dungeon
  3973 | D:5      | Reached XP level 7. HP: 22/33 MP: 8/8
  4137 | D:5      | Reached skill level 5 in Stealth
  4192 | D:5      | Reached skill level 9 in Ranged Weapons
  4192 | D:5      | Reached skill level 5 in Dodging
  4443 | D:5      | Found a sparkling altar of Nemelex Xobeh.
  4450 | D:5      | Found Zoxenam's General Store.
  4456 | D:5      | Bought a scroll of amnesia for 38 gold pieces
  4456 | D:5      | Bought a scroll of summoning for 104 gold pieces
  4456 | D:5      | Bought a scroll of poison for 38 gold pieces
  4791 | D:5      | Found a large runed translucent door.
  4791 | D:5      | Found a large runed translucent door.
  4796 | D:5      | Noticed zhov's ghost (novice SpHu)
  4881 | D:5      | Found an iron altar of Okawaru.
  4883 | D:5      | Found a broken altar of Ashenzari.
  4916 | D:5      | Became a worshipper of Warmaster Okawaru
  5032 | D:5      | Noticed a yak
  5032 | D:5      | Noticed a yak
  5032 | D:5      | Noticed a yak
  5098 | D:5      | Killed a yak
  5099 | D:5      | Reached skill level 1 in Evocations
  5099 | D:5      | Reached XP level 8. HP: 25/37 MP: 9/9
  5251 | D:5      | Reached skill level 10 in Ranged Weapons
  5251 | D:5      | Reached skill level 1 in Invocations
  5251 | D:5      | Reached * piety under Okawaru
  5408 | D:6      | Identified the +12 falchion "Ikleuntix" {freeze, Contam
                  | rF++ rN+ Dex-2 Stlth+}
  5420 | D:6      | Noticed Grinder
  5431 | D:6      | Killed Grinder
  5874 | D:6      | Reached XP level 9. HP: 41/41 MP: 12/12
  5918 | D:6      | Identified the +1 trident of the Shining Light {freeze,
                  | rElec rF- Int+5 Stlth+}
  5951 | D:6      | Reached ** piety under Okawaru
  5952 | D:6      | Reached skill level 11 in Ranged Weapons
  6018 | D:6      | Found Zixau's Distillery.
  6397 | D:6      | Found a staircase to the Ecumenical Temple.
  6536 | D:6      | Found an ancient bone altar of Kikubaaqudgha.
  6970 | D:7      | Noticed Duvessa
  7019 | D:7      | Killed Duvessa
  7050 | D:7      | Noticed Dowan
  7282 | D:7      | Reached *** piety under Okawaru
  7283 | D:7      | Reached skill level 5 in Evocations
  7335 | D:7      | Found a transporter.
  7348 | D:7      | Found a transporter.
  7356 | D:7      | Noticed crusatyr's ghost (novice HOBe)
  7445 | D:7      | Noticed a two-headed ogre
  7997 | D:7      | Killed Dowan
  7998 | D:7      | Reached skill level 12 in Ranged Weapons
  8671 | D:8      | Found a flagged portal.
  8697 | Bailey   | Entered a bailey
  9269 | Bailey   | Noticed an orc knight
  9323 | Bailey   | Killed an orc knight
  9324 | Bailey   | Reached XP level 10. HP: 11/46 MP: 14/14
  9839 | D:8      | Reached **** piety under Okawaru
  9901 | D:8      | Noticed Psyche
  9915 | D:8      | Killed Psyche
 10096 | D:8      | Reached skill level 10 in Stealth
 10253 | D:8      | Killed from afar by a steam dragon

Illustrated notes

Levels and vault maps discovered:
D:1:      dreamdust_arrival_beginning_and_end, layout_loops_cross,
          dreamdust_ecumenical_altar_grove, serial_forest,
          infiniplex_forest_straight_2, infiniplex_forest_lined_room_3,
          infiniplex_forest_straight_2, infiniplex_forest_lined_2,
          infiniplex_forest_clump_long, infiniplex_forest_clump_large,
          infiniplex_forest_end_2, infiniplex_forest_clump_curved,
          minmay_misc_feat_encased, serial_bayou_lake_a
D:2:      layout_basic
D:3:      layout_basic, lemuel_coloured_pillars_altar, serial_shops,
          nicolae_shop_trees, uniq_robin
D:4:      layout_loops_ring, dilly_guarded_unrand_morg
D:5:      layout_loops_ring, mainiacjoe_overflow_six_doors_small,
          gammafunk_temple_overflow_statue, ebering_ghost_disaster_area,
          serial_shops, shop
D:6:      layout_loops_ring, kennysheep_vampire_church,
          lemuel_temple_firewalk_b, chequers_arboretum, serial_bayou_ford_a,
          grunt_decor_arrowhead, nicolae_take_the_stairs, uniq_grinder
D:7:      layout_basic, gammafunk_ghost_arena, uniq_duvessa
D:8:      layout_gridville, kennysheep_little_box, enter_bailey_1,
          minmay_gold_behind_fungi, uniq_psyche, uniq_joseph

Skill      XL: |  1  2  3  4  5  6  7  8  9 10 |
---------------+-------------------------------+-----
Ranged Weapons | 5 6 7 8 9 10 12 | 12.7
Dodging        | 3 4 5 7 8 |  8.8
Stealth        | 2 3 4 6 7 9 10 | 10.0
Evocations     | 1 3 5 6 |  6.3
Invocations    | 2 4 |  4.7
Fighting       | |  1.5

Action                   |  1- 3 |  4- 6 |  7- 9 | 10-12 || total
-------------------------+-------+-------+-------+-------++-------
 Fire: Shortbow          |   100 |   196 |   497 |    79 ||   872
Invok: Heroism           |       |       |     3 |       ||     3
  Use: Potion            |       |     1 |     2 |       ||     3
       Scroll            |       |       |     6 |       ||     6
Armor: Robe              |     1 |     4 |     4 |     2 ||    11
Dodge: Dodged            |    10 |    65 |   125 |    28 ||   228

Table legend: (Time is in decaauts)
 A = Elapsed time spent in this place.
 B = Non-inter-level travel time spent in this place.
 C = Inter-level travel time spent in this place.
 D = Time resting spent in this place.
 E = Time spent auto-exploring this place.
 F = Levels seen in this place.
 G = Mean time per level.
                   A        B        C        D        E       F      G
               +--------+--------+--------+--------+--------+-----+--------+
         Total |   7758 |   7538 |    220 |     25 |   5917 |   9 |  862.0 |
       Dungeon |   6814 |   6594 |    220 |     25 |   5129 |   8 |  851.8 |
        Bailey |    943 |    943 |      0 |      0 |    788 |   1 |  943.0 |
               +--------+--------+--------+--------+--------+-----+--------+

Top non-repeatable levels by time:
     D:7: 1334 daAuts
     D:5: 1128 daAuts
     D:6: 1107 daAuts
     D:4: 1103 daAuts
  Bailey: 943 daAuts
     D:3: 682 daAuts
     D:1: 612 daAuts
     D:2: 457 daAuts
     D:8: 388 daAuts
